 Dungeon Sprint DCSS version 0.14-a0-3295-g3fd807f (webtiles) character file.

11928 BluebellGnoll the Imperceptible (level 11, -3/47 HPs)
             Began as a Spriggan Enchanter on Mar 14, 2014.
             Was the Champion of Vehumet.
             Killed by the air
             ... invoked by a blizzard demon
              (27 damage)
             ... in the Dungeon (Sprint V: "Ziggurat Sprint").
             The game lasted 00:33:17 (1380 turns).

BluebellGnoll the Imperceptible (SpEn)              Turns: 1380, Time: 00:33:18

HP  -3/47        AC  4     Str 15      XL: 11   Next: 55%
MP  14/32        EV 44     Int 30      God: Vehumet [******]
Gold 0           SH  0     Dex 23      Spells: 10 memorised,  0 levels left

rFire  . . .     SeeInvis +     p - +5 quick blade
rCold  + . .     Clarity  .     b - +1 robe
rNeg   . . .     Conserve +     (shield restricted)
rPois  .         rCorr    .     (helmet restricted)
rElec  +         rRot     .     a - +0 cloak
SustAb . .       Spirit   .     (gloves unavailable)
rMut   .         Warding  .     (boots unavailable)
Saprov . . .     NoTele   +     q - amulet "Wetiul" {Cons +Rage rElec rC+}
MR     +....                    r - +6 ring of intelligence
                                t - +6 ring of strength

@: invisible, mighty, brilliant, agile, studying Short Blades, very slightly
contaminated, very quick, somewhat resistant to hostile enchantments, uncannily
stealthy
A: unfitting armour, see invisible, herbivore 3, speed 3, slow metabolism 2
a: Renounce Religion, Evoke Berserk Rage


You were in the Dungeon.
You worshipped Vehumet.
Vehumet was exalted by your worship.
You were near starving.

You visited 1 branch

Inventory:

Hand weapons
 p - a +5,+5 quick blade (weapon)
Armour
 a - a +0 cloak (worn)
 b - a +1 robe (worn)
Magical devices
 l - a wand of disintegration (6)
 m - a wand of fire (8)
 n - a wand of cold (5)
Scrolls
 k - 4 scrolls of blinking
 y - 4 scrolls of amnesia
 F - 2 scrolls of recharging
 G - 7 scrolls of fog
 H - 2 scrolls of fear
 I - a scroll of holy word
 J - 4 scrolls of identify
 K - 5 scrolls of remove curse
Jewellery
 c - the amulet "Kalleun" {Faith Hunger rF+}
   (You found it in the Dungeon)

   [amulet of faith]

   It protects you from fire.
   It speeds your metabolism.
 d - an uncursed ring of poison resistance
 q - the amulet "Wetiul" (around neck) {Cons +Rage rElec rC+}
   (You found it in the Dungeon)

   [amulet of conservation]

   It protects you from cold.
   It insulates you from electricity.
   It lets you go berserk.
 r - a +6 ring of intelligence (right hand)
 s - a +6 ring of intelligence
 t - a +6 ring of strength (left hand)
 u - an uncursed ring of protection from fire
Potions
 e - a potion of porridge
 f - 5 potions of curing
 g - 9 potions of heal wounds
 h - 5 potions of haste
 i - 7 potions of magic
 j - 3 potions of berserk rage
 z - 2 potions of invisibility
 A - 2 potions of restore abilities
 B - 4 potions of resistance
 D - a potion of agility
 E - 2 potions of might
Books
 C - a manual of Short Blades
 L - Qyceb's Disquisition on Dislocation
   (You found it in the Dungeon)

   Spells                             Type                      Level
   Shroud of Golubria                 Charms/Translocation         2
   *Blink                             Translocation                2
   Phase Shift                        Translocation                5
   Controlled Blink                   Translocation                7
Miscellaneous
 w - a disc of storms
Rods
 v - a +5 lightning rod (9/9)
   (You found it in the Dungeon)


   Skills:
 - Level 12.1 Short Blades
 - Level 1.1 Throwing
 - Level 20.9 Dodging
 - Level 22.5 Stealth
 - Level 10.8 Spellcasting
 + Level 5.5 Conjurations
 - Level 11.5 Hexes


You couldn't memorise any spells.
You knew the following spells:

 Your Spells              Type           Power        Failure   Level  Hunger
a - Corona                Hex            #######      1%          1    None
b - Ensorcelled Hibernat  Hex/Ice        ######       1%          2    None
c - Confuse               Hex            #######.     1%          3    None
d - Sure Blade            Hex/Chrm       ######....   1%          2    None
e - Enslavement           Hex            #######.     1%          4    None
f - Invisibility          Hex            #######.     1%          6    #####..
g - Mephitic Cloud        Conj/Pois/Air  #####...     1%          3    None
h - Blink                 Tloc           N/A          1%          2    None
i - Dazzling Spray        Conj/Hex       ######..     1%          3    None
j - Fireball              Conj/Fire      ######....   4%          5    ##.....


Dungeon Overview and Level Annotations

Branches:
Dungeon (1/1)

Altars:
Ashenzari
Cheibriados
Dithmenos
Elyvilon
Fedhas
Kikubaaqudgha
Makhleb
Nemelex Xobeh
Okawaru
Sif Muna
Trog
Vehumet
Xom
Yredelemnul
Zin
The Shining One
Beogh
Jiyva
Lugonu


Innate Abilities, Weirdness & Mutations

You are tiny and cannot use many weapons and most armour.
You have supernaturally acute eyesight.
You are a herbivore.
You cover ground extremely quickly.
You need consume almost no food.


Message History

You easily resist.
The gelid demonspawn is engulfed in noxious fumes.
The sun demon completely misses you. The Executioner gestures at you.
You struggle to resist.
Casting: Confuse
Confirm with . or Enter, or press ? or * to list all spells.
You don't know that spell.
Unknown command.
Unknown command.
Casting: Confuse
Confirm with . or Enter, or press ? or * to list all spells.
Okay, then.
Casting: Confuse
Confirm with . or Enter, or press ? or * to list all spells.
You blink.
The blizzard demon waves its arms in wide circles.
The air twists around and strikes you!
Ouch! That really hurt!
You die...

...▓...8©8...▓...8
3}.)[.▓..:)).)..▓...[
..)=)|...▓....}.[..▓....
▓.........▓.........▓....
▓...46....▓..)......▓.%..
▓...4.§...▓..)......▓....
▓..3§46...▓.........▓..).
▓....2....▓.........▓%▓%.
▓...341&@.▓.▓.....▓.▓.%.%
▓....§2...▓.........▓▓▓▓▓
▓▓▓▓▓▓▓▓▓▓▓▓▓▓▓▓▓▓▓▓▓


You could see Rog Oxt, a torturous blood saint, an Executioner, a blizzard
demon, a sun demon, a gelid demonspawn, 2 orange demons, a tormentor, a blue
devil, a neqoxec, a chaos spawn (confused) and a red devil.

Vanquished Creatures
  A green draconian (D)
  A red draconian (D)
  An ironheart preserver (D)
  An ogre mage (D)
  A hell hog (D)
  A wolf spider (D)
  A cyclops (D)
  8 draconians (D)
  A hellwing (D)
  2 red devils (D)
  A jumping spider (D)
  5 merfolk (D)
  A giant firefly (D)
  2 grizzly bears (D)
  A tarantella (D)
  4 toenail golems (D)
  3 spriggans (D)
  2 wolves (D)
  A vampire mosquito (D)
  A porcupine (D)
  3 black bears (D)
  2 giant frogs (D)
  2 sheep (D)
  An iguana (D)
  An adder (D)
  3 giant mites (D)
  4 white imps (D)
  An ufetubus (D)
  2 jackals (D)
  A giant newt zombie (D)
  A hobgoblin skeleton (D)
  A hobgoblin zombie (D)
  3 kobold skeletons (D)
  A quokka skeleton (D)
65 creatures vanquished.

Notes
Turn   | Place    | Note
--------------------------------------------------------------
     0 | D        | BluebellGnoll, the Spriggan Enchanter, began the quest for the Orb.
     0 | D        | Reached XP level 1. HP: 9/9 MP: 4/4
     0 | D        | Found a white marble altar of Elyvilon.
     1 | D        | Found a sparkling altar of Nemelex Xobeh.
     1 | D        | Found a burning altar of Makhleb.
     2 | D        | Found a deep blue altar of Sif Muna.
     2 | D        | Found a bloodstained altar of Trog.
     5 | D        | Found an iron altar of Okawaru.
    15 | D        | Found an ancient bone altar of Kikubaaqudgha.
    17 | D        | Found a basalt altar of Yredelemnul.
    17 | D        | Found a radiant altar of Vehumet.
    29 | D        | Reached skill level 11 in Stealth
    29 | D        | Reached XP level 2. HP: 13/13 MP: 7/7
    33 | D        | Learned a level 2 spell: Ensorcelled Hibernation
    33 | D        | Found a shimmering altar of Xom.
    60 | D        | Became a worshipper of Vehumet
    66 | D        | Entered arena 1.
    66 | D        | Noticed a draconian
    66 | D        | Noticed a draconian
    73 | D        | Killed a draconian
    73 | D        | Reached skill level 19 in Stealth
    73 | D        | Reached XP level 3. HP: 16/16 MP: 6/9
    73 | D        | Reached XP level 4. HP: 21/21 MP: 8/12
    73 | D        | Reached XP level 5. HP: 24/24 MP: 9/14
    73 | D        | Reached XP level 6. HP: 28/28 MP: 10/17
    76 | D        | Killed a draconian
    76 | D        | Reached XP level 7. HP: 18/32 MP: 5/25
    91 | D        | Learned a level 3 spell: Confuse
    94 | D        | Learned a level 2 spell: Sure Blade
    99 | D        | Learned a level 4 spell: Enslavement
   106 | D        | Learned a level 6 spell: Invisibility
   218 | D        | Entered arena 2.
   218 | D        | Noticed a wolf
   221 | D        | Acquired Vehumet's first power
   221 | D        | Offered knowledge of Flame Tongue by Vehumet.
   223 | D        | Killed a wolf
   236 | D        | Entered arena 3.
   236 | D        | Noticed a toenail golem
   236 | D        | Noticed a toenail golem
   236 | D        | Noticed a toenail golem
   236 | D        | Noticed a toenail golem
   243 | D        | Killed a toenail golem
   243 | D        | Reached XP level 8. HP: 36/36 MP: 17/27
   244 | D        | Killed a toenail golem
   244 | D        | Reached skill level 5 in Short Blades
   245 | D        | Killed a toenail golem
   254 | D        | Killed a toenail golem
   265 | D        | Entered arena 4.
   265 | D        | Noticed a vampire mosquito
   265 | D        | Noticed an ogre mage
   265 | D        | Noticed a cyclops
   265 | D        | Noticed an ironheart preserver
   269 | D        | Killed an ironheart preserver
   269 | D        | Reached skill level 21 in Stealth
   269 | D        | Reached XP level 9. HP: 39/39 MP: 26/28
   288 | D        | Killed an ogre mage
   288 | D        | Reached skill level 10 in Short Blades
   288 | D        | Reached skill level 10 in Dodging
   288 | D        | Reached skill level 22 in Stealth
   298 | D        | Killed a cyclops
   311 | D        | Killed a vampire mosquito
   324 | D        | Learned a level 3 spell: Mephitic Cloud
   327 | D        | Learned a level 2 spell: Blink
   328 | D        | Entered arena 5.
   328 | D        | Noticed a merfolk
   328 | D        | Noticed a merfolk
   328 | D        | Noticed a merfolk
   328 | D        | Noticed a merfolk
   328 | D        | Noticed a merfolk
   333 | D        | Killed a merfolk
   333 | D        | Acquired Vehumet's second power
   333 | D        | Reached skill level 1 in Conjurations
   334 | D        | Killed a merfolk
   335 | D        | Killed a merfolk
   335 | D        | Reached skill level 10 in Hexes
   335 | D        | Reached XP level 10. HP: 39/44 MP: 16/30
   336 | D        | Killed a merfolk
   337 | D        | Killed a merfolk
   337 | D        | Acquired Vehumet's third power
   343 | D        | Identified the Catalogue of Cloudy Confrontation (You found it in the Dungeon)
   345 | D        | Got the ring "Gooneeq" {+Fly Int+4}
   352 | D        | Learned a level 3 spell: Dazzling Spray
   506 | D        | Entered arena 6.
   506 | D        | Noticed a hellwing
   514 | D        | Offered knowledge of Sting by Vehumet.
   534 | D        | Killed a hellwing
   543 | D        | Entered arena 7.
   543 | D        | Noticed a jumping spider
   543 | D        | Noticed a wolf spider
   543 | D        | Noticed a tarantella
   549 | D        | Killed a tarantella
   549 | D        | Reached skill level 10 in Spellcasting
   556 | D        | Killed a jumping spider
   570 | D        | Killed a wolf spider
   691 | D        | Entered arena 8.
   691 | D        | Noticed a porcupine
   691 | D        | Noticed a giant frog
   691 | D        | Noticed a giant frog
   691 | D        | Noticed an iguana
   700 | D        | Killed a porcupine
   707 | D        | Killed an iguana
   717 | D        | Killed a giant frog
   723 | D        | Killed a giant frog
   742 | D        | Got the amulet "Wetiul" {Cons +Rage rElec rC+}
   932 | D        | Entered arena 9.
   932 | D        | Noticed a draconian
   932 | D        | Noticed a draconian
   932 | D        | Noticed a green draconian
   932 | D        | Noticed a red draconian
   932 | D        | Noticed a draconian
   932 | D        | Noticed a draconian
   932 | D        | Noticed a draconian
   932 | D        | Noticed a draconian
   939 | D        | Killed a draconian
   939 | D        | Offered knowledge of Stone Arrow by Vehumet.
   940 | D        | Killed a draconian
   941 | D        | Killed a draconian
   941 | D        | Reached skill level 15 in Dodging
   943 | D        | Killed a red draconian
   944 | D        | Killed a green draconian
   944 | D        | Reached XP level 11. HP: 47/47 MP: 32/32
   945 | D        | Killed a draconian
   947 | D        | Killed a draconian
   950 | D        | Killed a draconian
   964 | D        | Entered arena 10.
   964 | D        | Noticed a spriggan
   964 | D        | Noticed a black bear
   964 | D        | Noticed a spriggan rider
   964 | D        | Noticed a black bear
   964 | D        | Noticed a spriggan
   964 | D        | Noticed a black bear
   964 | D        | Noticed a grizzly bear
   964 | D        | Noticed a grizzly bear
   965 | D        | Noticed a wolf
   976 | D        | Killed a spriggan
   978 | D        | Killed a black bear
   979 | D        | Killed a giant firefly
   989 | D        | Killed a spriggan
   996 | D        | Killed a spriggan
   998 | D        | Killed a grizzly bear
  1003 | D        | Killed a black bear
  1020 | D        | Killed a wolf
  1024 | D        | Killed a grizzly bear
  1027 | D        | Killed a black bear
  1043 | D        | Identified Qyceb's Disquisition on Dislocation (You found it in the Dungeon)
  1060 | D        | Learned a level 5 spell: Fireball
  1165 | D        | Entered arena 11.
  1165 | D        | Noticed a hell hog
  1165 | D        | Noticed a red devil
  1165 | D        | Noticed a red devil
  1179 | D        | Offered knowledge of Inner Flame by Vehumet.
  1197 | D        | Killed a hell hog
  1198 | D        | Killed a red devil
  1198 | D        | Reached skill level 5 in Conjurations
  1200 | D        | Killed a red devil
  1210 | D        | Got the amulet "Kalleun" {Faith Hunger rF+}
  1224 | D        | Identified the Papyrus of the Unholy Snowflakes (You found it in the Dungeon)
  1371 | D        | Entered arena 12.
  1371 | D        | Noticed an Executioner
  1371 | D        | Noticed a tormentor
  1371 | D        | Noticed a sun demon
  1371 | D        | Noticed an orange demon
  1371 | D        | Noticed a chaos spawn
  1371 | D        | Noticed a blizzard demon
  1371 | D        | Noticed a torturous blood saint
  1371 | D        | Noticed a red devil
  1372 | D        | Noticed a blue devil
  1373 | D        | Noticed a gelid demonspawn
  1376 | D        | Noticed Rog Oxt the pandemonium lord
  1380 | D        | Killed from afar by a blizzard demon

Action                   |  1- 3 |  4- 6 |  7- 9 | 10-12 || total
-------------------------+-------+-------+-------+-------++-------
Melee: Quick blade       |     1 |     1 |    39 |   104 ||   145
 Cast: Ensorcelled Hiber |     1 |     2 |     5 |     6 ||    14
       Sure Blade        |       |       |     3 |     6 ||     9
       Invisibility      |       |       |     1 |     4 ||     5
       Confuse           |       |       |     6 |    17 ||    23
       Mephitic Cloud    |       |       |       |     3 ||     3
       Fireball          |       |       |       |     1 ||     1
       Blink             |       |       |       |     1 ||     1
Evoke: Wand              |       |     1 |       |     5 ||     6
       Staff of Olgreb   |       |       |       |     1 ||     1
  Use: Potion            |     1 |       |     1 |     5 ||     7
       Scroll            |       |       |       |     1 ||     1
 Stab: Sleeping          |     1 |     1 |    10 |    19 ||    31
       Invisible         |       |       |     4 |    18 ||    22
       Confused          |       |       |     2 |     3 ||     5
